Cogmind - Beta 11.1 @@@ ROGUE MODE // 2022.05.04 @ 09:16:29 Player: Demise Result: Destroyed by 8R-AWN with 8R-AWN's Boregun Performance ------------- Evolutions (1) 500 Regions Visited (5) 1000 Robots Destroyed (45) 225 Value Destroyed (1049) 1049 Prototype IDs (27) 540 Alien Tech Used (0) 0 Bonus (300) 300 TOTAL SCORE: 3614 Bonus ------- Aligned with FarCom 300 Cogmind --------- Core Integrity 0/400 Matter 438/500 Energy 95/100 System Corruption 0% Temperature Cool (0) Movement Rolling (110) Ox2 Location -9/Exiles Parts ------- > --- POWER (1) -------- (None) > --- PROPULSION (2) --- Wheel > --- UTILITY (4) ------ Large Storage Unit High-capacity Matter Pod Improved Targeting Computer Core Shielding > --- WEAPON (2) ------- Mining Claw Makeshift Sword > --- INVENTORY (15) --- Trap Extractor (0/4) Light Assault Rifle Light Assault Rifle Light Assault Rifle Light Assault Rifle Heavy Assault Rifle Mining Claw Peak State ------------ > --- POWER ------------ Cooled Ion Engine > --- PROPULSION ------- Light Treads Armored Wheel > --- UTILITY ---------- Large Storage Unit Seismic Detector System Shield Trap Extractor > --- WEAPON ----------- Heavy Assault Rifle Heavy Assault Rifle > --- INVENTORY -------- Light Treads Wheel Light Armor Plating System Shield System Shield System Shield Light Assault Rifle Light Assault Rifle Grenade Launcher Mining Claw Mining Claw Blade Trap Blade Trap Blade Trap Blade Trap [Rating: 19] Favorites ----------- Power Improved Ion Engine Engine Improved Ion Engine Power Core Light Nuclear Core Propulsion Light Treads Treads Light Treads Wheel Armored Wheel Flight Unit Improved Flight Unit Utility Light Armor Plating Device Seismic Detector Storage Large Storage Unit Processor Improved Targeting Computer Hackware System Shield Protection Light Armor Plating Weapon Heavy Assault Rifle Energy Gun Improved Medium Laser Ballistic Gun Heavy Assault Rifle Ballistic Cannon Improved Light Cannon Launcher Grenade Launcher Slashing Weapon Makeshift Sword Build | -11 -10 -10 -9 -9 -9 ------- Run | Scr Mat Min Mat Min Exi Slots Evolved 2 | . . . 2 . . Power . | . . . . . . Propulsion . | . . . . . . Utility 2 | . . . 2 . . Weapon . | . . . . . . Parts Attached 59 | 5 5 1 22 14 12 Power 4 | . 1 . 1 2 . Engine 3 | . . . 1 2 . Core 1 | . 1 . . . . Reactor . | . . . . . . Propulsion 17 | 2 . . 7 4 4 Treads 8 | 1 . . 3 3 1 Leg . | . . . . . . Wheel 8 | 1 . . 3 1 3 Hover . | . . . . . . Flight 1 | . . . 1 . . Utility 20 | 1 3 . 6 4 6 Device 6 | 1 1 . 2 . 2 Storage 4 | . 2 . . . 2 Processor 1 | . . . . . 1 Hackware 1 | . . . 1 . . Protection 8 | . . . 3 4 1 Artifact . | . . . . . . Weapon 18 | 2 1 1 8 4 2 Energy Gun 1 | . . . 1 . . Energy Cannon . | . . . . . . Ballistic Gun 13 | 2 . 1 7 3 . Ballistic Cannon 1 | . 1 . . . . Launcher 1 | . . . . 1 . Special Weapon . | . . . . . . Impact Weapon . | . . . . . . Slashing Weapon 2 | . . . . . 2 Piercing Weapon . | . . . . . . Special Melee Weapon . | . . . . . . Unidentified Prototypes 3 | . . . 3 . . Parts Lost 17 | . 1 . . 9 7 Power 3 | . . . . 2 1 Propulsion 5 | . . . . 1 4 Utility 5 | . . . . 3 2 Weapon 4 | . 1 . . 3 . Highest Loss Streak 6 | . 1 . . 5 6 To Critical Strikes 4 | . . . . . 4 Average Slot Usage (%) 94 | . 85 100 97 89 99 Engine 7 | . . . 5 9 10 Core 2 | . 1 14 5 . . Treads 11 | . 14 14 11 10 11 Wheel 11 | . 14 14 10 11 10 Device 5 | . 14 14 11 . . Storage 11 | . 13 14 11 11 11 Hackware 3 | . . . 9 4 . Protection 16 | . . . 10 19 31 Ballistic Gun 22 | . 26 24 21 21 20 Naked Turns . | . . . . . . Heaviest Build 40 | 5 32 32 38 40 38 Greatest Support 40 | 16 16 16 20 20 40 Greatest Overweight (x) 10 | . 1 1 10 3 1 Average Overweight (x) 1 | . . 1 2 1 . Largest Inventory Capacity 15 | 5 15 15 15 15 15 Average Capacity 14 | 5 12 15 15 15 15 Most Carried 15 | 5 14 15 15 15 15 Average Carried 13 | 4 9 14 14 14 13 Final Capacity 15 | 5 15 15 15 15 15 Final Carried 15 | 5 14 15 15 15 7 Class Distribution -------------------- 52% | Mutant 47% | Scavenger-Mutant Dominant Class ---------------- Mutant | -10/Materials Mutant | -10/Mines Mutant | -9/Materials Scavenger-Mutant | -9/Mines Scavenger-Mutant | -9/Exiles Resources | -11 -10 -10 -9 -9 -9 ----------- Run | Scr Mat Min Mat Min Exi Matter Collected 1389 | 256 242 17 418 412 44 Remotely . | . . . . . . Salvage Created 1709 | 138 248 . 622 697 4 Parts 116 | 14 20 . 38 44 . Haulers Intercepted 3 | . . . 3 . . Recyclers Shooed 1 | . . . . 1 . Parts Field Recycled . | . . . . . . Retrieved Matter . | . . . . . . Parts Self-Destructed . | . . . . . . Prevented . | . . . . . . Kills | -11 -10 -10 -9 -9 -9 ------- Run | Scr Mat Min Mat Min Exi Combat Hostiles Destroyed 51 | . 9 . 12 29 1 Guns 36 | . 9 . 12 14 1 AOE 15 | . . . . 15 . Classes Destroyed 10 | 2 2 . 3 3 . Worker 1 | . . . 1 . . Builder 1 | . . . . 1 . Tunneler 3 | 3 . . . . . Hauler 3 | . . . 3 . . Recycler 3 | 1 . . . 2 . Swarmer 13 | . 6 . 3 4 . Grunt 14 | . 3 . 5 6 . Sentry 6 | . . . 4 2 . Demolisher 1 | . . . . 1 . Assembled 17 | . . . . 16 1 Best Kill Streak 15 | 4 3 . 3 15 1 Combat Bots Only 15 | . 3 . 3 15 1 Max Kills in Single Turn 3 | 1 1 . 2 3 1 Gunslinging 1 | . . . 1 1 . Exploded 3 | . . . . 3 . Melee . | . . . . . . Uniques/NPCs Destroyed . | . . . . . . Combat | -11 -10 -10 -9 -9 -9 -------- Run | Scr Mat Min Mat Min Exi Damage Taken 2633 | . 378 . 373 1078 804 Core 477 | . 75 . 50 155 197 Absorbed by Shields . | . . . . . . Redirected to Shielding 47 | . . . . 3 44 Regen/Repaired (Parts) 103 | . . . 103 . . Core Remaining (%) 85 | 100 . 70 . . . Volleys Fired 134 | 10 25 2 41 51 5 Largest 2 | 2 2 2 2 2 2 Hottest 59 | 40 59 40 46 46 43 Shots Fired 248 | 20 49 4 82 84 9 Gun 234 | 20 46 4 82 73 9 Cannon 3 | . 3 . . . . Launcher 11 | . . . . 11 . Special . | . . . . . . Kinetic 237 | 20 49 4 82 73 9 Thermal . | . . . . . . Explosive 11 | . . . . 11 . Electromagnetic . | . . . . . . Robot Hit Streak 13 | 10 9 3 12 13 4 Robot Miss Streak 5 | 1 5 3 4 5 2 Penetration Max . | . . . . . . Secondary Targets 5 | . 1 . 1 2 1 Max Gunslinging Chain 1 | . 1 . 1 1 1 Shots Hit Robots 179 | 14 25 3 57 57 23 Core Hits 104 | 5 12 . 26 57 4 Critical Kills . | . . . . . . Critical Parts Destroyed . | . . . . . . Critical Strikes 1 | . . . . . 1 Sever 1 | . . . . . 1 Melee Attacks 36 | . . . . . 36 Impact . | . . . . . . Slashing 36 | . . . . . 36 Piercing . | . . . . . . Sneak Attacks . | . . . . . . Combat Hostiles . | . . . . . . Follow-up Attacks 4 | . . . . . 4 Damage Inflicted 3697 | 182 339 27 719 1750 680 Guns 2091 | 182 339 27 719 765 59 Cannons . | . . . . . . Explosions 985 | . . . . 985 . Melee 621 | . . . . . 621 Ramming . | . . . . . . Kinetic 2091 | 182 339 27 719 765 59 Thermal . | . . . . . . Explosive 985 | . . . . 985 . Electromagnetic . | . . . . . . Impact . | . . . . . . Slashing 621 | . . . . . 621 Piercing . | . . . . . . Highest Corruption . | . . . . . . Average Corruption . | . . . . . . Corruption Purged . | . . . . . . Corruption Blocked . | . . . . . . Overload Shots . | . . . . . . Overflow Damage 24 | . . . . 24 . Projectiles . | . . . . . . Explosions 24 | . . . . 24 . Melee . | . . . . . . Knockbacks . | . . . . . . Impact . | . . . . . . Kinetic . | . . . . . . Secondary . | . . . . . . Self-Inflicted Damage 191 | . . . . 191 . Shots 6 | . . . . 6 . Rammed . | . . . . . . Targets Rammed . | . . . . . . Kicked . | . . . . . . Crushed . | . . . . . . Highest Temperature 41 | . 15 4 21 41 14 Average Temperature 11 | . 6 3 6 18 6 Received Heat Transfer 495 | . 132 . 117 240 6 Siege Activations . | . . . . . . Robots Corrupted . | . . . . . . Combat Hostiles . | . . . . . . Parts Fried . | . . . . . . Impact Corruptions . | . . . . . . Robots Melted . | . . . . . . Combat Hostiles . | . . . . . . Parts Melted . | . . . . . . Heat Transferred . | . . . . . . Parts Sabotaged . | . . . . . . Parts Stolen . | . . . . . . Parts Stripped . | . . . . . . Power Chain Reactions . | . . . . . . Missiles Intercepted . | . . . . . . Alert | -11 -10 -10 -9 -9 -9 ------- Run | Scr Mat Min Mat Min Exi Peak Influence 389 | 20 208 31 213 389 . Initial 70 | . 13 31 . 70 . Average 121 | 6 98 26 92 196 . Maximum Alert Level 1 | . 1 . 1 1 . Low Security (%) 84 | 100 99 100 99 57 . Level 1 15 | . . . . 42 . Level 2 . | . . . . . . Level 3 . | . . . . . . Level 4 . | . . . . . . Level 5 . | . . . . . . High Security . | . . . . . . Max Security . | . . . . . . Squads Dispatched 6 | . 2 . 3 1 . Investigation 3 | . 1 . 1 1 . Extermination . | . . . . . . Reinforcement 3 | . 1 . 2 . . Assault . | . . . . . . Garrison . | . . . . . . Intercept . | . . . . . . Searches Triggered . | . . . . . . Construction Impeded . | . . . . . . Haulers Reinforced . | . . . . . . Active Scanning Responses . | . . . . . . Cargo Convoy Interrupts . | . . . . . . Stealth | -11 -10 -10 -9 -9 -9 --------- Run | Scr Mat Min Mat Min Exi Distress Signals 6 | . 1 . 5 . . Communications Jammed . | . . . . . . Distress Signals . | . . . . . . Times Spotted 78 | . 17 . 20 33 8 Peak Tracking Total 9 | . 4 . 3 9 9 Tactical Retreats 3 | . 1 . 2 . . Traps | -11 -10 -10 -9 -9 -9 ------- Run | Scr Mat Min Mat Min Exi Traps Triggered 1 | . 1 . . . . Indirectly . | . . . . . . Trap Hack Attempts . | . . . . . . Triggered . | . . . . . . Disarmed . | . . . . . . Reprogrammed . | . . . . . . Reused 5 | . . . . . 5 Traps Extracted . | . . . . . . Installed 5 | . . . . . 5 Triggered . | . . . . . . Most Traps Carried 5 | . . 5 5 5 5 Exploded 3 | . . . . . 3 Machines | -11 -10 -10 -9 -9 -9 ---------- Run | Scr Mat Min Mat Min Exi Machines Disabled 7 | . 1 . . 2 4 Max in Single Turn 1 | . 1 . . 1 1 Machines Sabotaged . | . . . . . . Garrisons Compromised . | . . . . . . Overloaded Fab Kills . | . . . . . . Hacking | -11 -10 -10 -9 -9 -9 --------- Run | Scr Mat Min Mat Min Exi Machines Accessed 15 | . 5 . 8 1 1 Terminals 11 | . 4 . 6 1 . Fabricators . | . . . . . . Repair Stations 1 | . . . 1 . . Recycling Units 1 | . 1 . . . . Scanalyzers 1 | . . . 1 . . Garrison Access . | . . . . . . Total Hacks 57 | . 16 . 36 4 1 Successful 38 | . 11 . 24 2 1 Failed 19 | . 5 . 12 2 . Catastrophic 3 | . 1 . 1 1 . Database Lockouts . | . . . . . . Manual 40 | . 10 . 26 3 1 Terminals 44 | . 13 . 27 4 . Fabricators . | . . . . . . Repair Stations 7 | . . . 7 . . Recycling Units 3 | . 3 . . . . Scanalyzers 2 | . . . 2 . . Garrison Access . | . . . . . . Terminal Hacks 15 | . 4 . 9 1 1 Part Schematic 1 | . . . 1 . . Robot Analysis 5 | . 1 . 4 . . Prototype ID Bank 1 | . . . 1 . . Level Access Points 1 | . . . 1 . . Terminal Index 1 | . . . 1 . . Unreport Threat 1 | . 1 . . . . Locate Traps 1 | . 1 . . . . Zone Layout 3 | . 1 . 1 1 . EX-Prototype ID Bank 1 | . . . . . 1 Fabricator Hacks . | . . . . . . Repair Station Hacks 6 | . . . 6 . . Scan Component 3 | . . . 3 . . Repair 3 | . . . 3 . . Recycling Unit Hacks 1 | . 1 . . . . Retrieve Components 1 | . 1 . . . . Scanalyzer 2 | . . . 2 . . Insert Component 1 | . . . 1 . . Analyze 1 | . . . 1 . . Garrison Access Hacks . | . . . . . . Unauthorized Hacks 14 | . 6 . 7 1 . Terminals 13 | . 5 . 7 1 . Track 2 | . . . 1 1 . Assimilate 1 | . . . 1 . . Botnet 8 | . 4 . 4 . . Operators 2 | . 1 . 1 . . Fabricators . | . . . . . . Repair Stations . | . . . . . . Recycling Units 1 | . 1 . . . . Recyclers 1 | . 1 . . . . Scanalyzers . | . . . . . . Garrison Access . | . . . . . . Data Cores Recovered . | . . . . . . Used . | . . . . . . Hacking Detections 11 | . 4 . 6 1 . Full Trace Events 2 | . . . 1 1 . Feedback Events . | . . . . . . Feedback Blocked . | . . . . . . Robot Schematics Acquired . | . . . . . . Robots Built . | . . . . . . Authchips . | . . . . . . Time . | . . . . . . Total Robot Build Rating . | . . . . . . Part Schematics Acquired 2 | . . . 2 . . Parts Built . | . . . . . . Authchips . | . . . . . . Time . | . . . . . . Total Part Build Rating . | . . . . . . Parts Repaired 3 | . . . 3 . . Time 90 | . . . 90 . . Parts Recycled . | . . . . . . Recycled Matter . | . . . . . . Retrieved Matter . | . . . . . . Retrieved Components 2 | . 2 . . . . Parts Scanalyzed 1 | . . . 1 . . Part Schematics Acquired 1 | . . . 1 . . Parts Damaged . | . . . . . . Bothacking | -11 -10 -10 -9 -9 -9 ------------ Run | Scr Mat Min Mat Min Exi Used RIF Installer . | . . . . . . Robots Hacked . | . . . . . . Non-combat . | . . . . . . Combat . | . . . . . . Robot Hacks Applied . | . . . . . . Relay Couplers Released . | . . . . . . Fabnet Peak Effective % . | . . . . . . Robots Rewired . | . . . . . . Allies Hacked . | . . . . . . Hacks Repelled . | . . . . . . Allies | -11 -10 -10 -9 -9 -9 -------- Run | Scr Mat Min Mat Min Exi Total Allies 4 | . . 1 . 3 . Largest Group 3 | . . 1 . 3 3 Highest-Rated Group 40 | . . 31 . 40 40 Highest-Rated Ally 31 | . . 31 . 16 16 Total Orders 1 | . . . . . 1 STAY 1 | . . . . . 1 Ally Attacks 37 | . . . . . 37 Total Damage 223 | . . . . . 223 Kills 2 | . . . . . 2 Allies Corrupted . | . . . . . . Allies Melted . | . . . . . . Intel | -11 -10 -10 -9 -9 -9 ------- Run | Scr Mat Min Mat Min Exi Robot Analysis Total 5 | . 1 . 4 . . Derelict Logs Recovered 3 | . . 1 . 2 . Drone Launches . | . . . . . . Drone Recoveries . | . . . . . . Exploration | -11 -10 -10 -9 -9 -9 ------------- Run | Scr Mat Min Mat Min Exi Turns Passed 5118 | 75 640 472 1153 1369 1409 Spaces Moved 2610 | 43 464 395 645 535 528 Core 23 | 22 . . 1 . . Treads 983 | . . . 5 450 528 Legs . | . . . . . . Wheels 1604 | 21 464 395 639 85 . Hover . | . . . . . . Flight . | . . . . . . Fastest Speed 50 | 50 100 115 115 105 160 Average Speed 164 | 74 111 115 131 221 239 Slowest Speed 550 | 100 115 115 550 240 240 Overloaded Moves . | . . . . . . Propulsion Burnouts . | . . . . . . Robots Hopped . | . . . . . . Cave-ins Triggered . | . . . . . . Exploration Rate (%) 67 | 4 83 96 62 89 70 Regions Visited 5 Branch Regions 3 Pre-discovered Areas . | . . . . . . Known Exits Taken 1 | . . . 1 . . Unknown Exits Taken 4 | 1 1 1 . 1 . Scrap Searched 4 | . . 2 . 2 . Spaces Dug . | . . . . . . Terrain Destroyed 76 | . . . . 76 . Melee . | . . . . . . Projectile . | . . . . . . AOE 76 | . . . . 76 . Terrain Rammed . | . . . . . . Walls Destroyed . | . . . . . . Machines Disabled . | . . . . . . Actions | -11 -10 -10 -9 -9 -9 --------- Run | Scr Mat Min Mat Min Exi Total 3158 | 63 541 412 876 638 628 Wait 231 | . 31 . 142 26 32 Move 2605 | 42 463 394 644 534 528 Hop . | . . . . . . Pick Up 46 | 6 13 7 8 7 5 Fast Attach 20 | 4 1 1 8 6 . Attach 13 | 1 2 . 1 4 5 Detach 2 | . . 1 . 1 . Swap 26 | . 2 . 13 4 7 Drop 44 | . 4 7 19 5 9 Fire 134 | 10 25 2 41 51 5 Melee 32 | . . . . . 32 Ram . | . . . . . . Kick . | . . . . . . Crush . | . . . . . . Escape Stasis . | . . . . . . Rewire . | . . . . . . Trap 5 | . . . . . 5 Miscellaneous . | . . . . . . Route ------- -11/Scrapyard -10/Materials (discovered 4 exits: *Mat x2 / [*Min x2]) -10/Mines (discovered 2 exits: *Mat x2) -9/Materials (discovered 5 exits: *Mat x3 / *Min / [*Sto]) -9/Mines (discovered 3 exits: *Mat / *Exi / [*Zio]) -9/Exiles (discovered 2 exits: [*Min x2]) History --------- Turn | Location | Event 19 | -11/Scrapyard | Discovered new exit (range 15) 76 | -11/Scrapyard | Entered Materials 273 | -10/Materials | Discovered new exit (range 15) 312 | -10/Materials | Build established: Mutant 390 | -10/Materials | Discovered new exit (range 9) 503 | -10/Materials | Discovered new exit (range 15) 517 | -10/Materials | Discovered new exit (range 17) 716 | -10/Materials | Entered Mines 719 | -10/Mines | Received a Mining Laser from a helpful Derelict 756 | -10/Mines | Met a Derelict bent on vengeance 904 | -10/Mines | Learned location of 1 exit from Materials 922 | -10/Mines | Discovered new exit (range 7) 933 | -10/Mines | Discovered new exit (range 14) 1132 | -10/Mines | Found a hidden stash of uninstalled traps 1188 | -10/Mines | Entered Materials 1188 | -9/Materials | Evolved 2 slots: Utility x2 1189 | -9/Materials | Identified exit to Mines 1191 | -9/Materials | Discovered new exit (range 8) 1586 | -9/Materials | Build established: Scavenger-Mutant 1790 | -9/Materials | Discovered new exit (range 9) 1848 | -9/Materials | Identified exit to Materials 1943 | -9/Materials | Build established: Mutant 2053 | -9/Materials | Repaired Lgt. Armor Plating 2086 | -9/Materials | Repaired Hvy. Assault Rifle 2120 | -9/Materials | Repaired Arm. Wheel 2341 | -9/Materials | Entered Mines 2342 | -9/Mines | Assembled infested the area 2350 | -9/Mines | Discovered new exit (range 13) 2408 | -9/Mines | Destroyed 15 combat bots 2422 | -9/Mines | Lost 5 parts (1p2u2w) 2483 | -9/Mines | Learned Materials terminal intel 2493 | -9/Mines | Deemed a non-threat by the Exiles lab entrance 2680 | -9/Mines | Discovered exit to Materials (range 3) 2811 | -9/Mines | A Derelict revealed a hidden shortcut to a safe place 3139 | -9/Mines | Core integrity fell below 50% 3206 | -9/Mines | Learned Materials stockpile data 3233 | -9/Mines | Build established: Scavenger-Mutant 3441 | -9/Mines | Assisted by bots powering up and referring to "LRC-V3" 3567 | -9/Mines | A weapon hastily lodged in a ceiling crevice suddenly fell to the ground 3710 | -9/Mines | Entered Exiles 3710 | -9/Exiles | Accompanied by 3 allies 3746 | -9/Exiles | Discovered new exit (range 15) 3770 | -9/Exiles | Met 8R-AWN 3809 | -9/Exiles | Met EX-HEX 3914 | -9/Exiles | Met EX-DEC 4006 | -9/Exiles | Met EX-BIN 4039 | -9/Exiles | Aligned with FarCom system 4042 | -9/Exiles | Given EX-Vault access code 4106 | -9/Exiles | Opened EX-Vault 4169 | -9/Exiles | Warned to stay clear of 0b10 Research branches 4334 | -9/Exiles | Discovered new exit (range 10) 4945 | -9/Exiles | Attacked by the Exiles 5084 | -9/Exiles | Core integrity fell below 20% 5119 | -9/Exiles | Destroyed by 8R-AWN with 8R-AWN's Boregun Last Messages --------------- 05083_ Penetrated by HV Slug. 05092_ HV Slug penetrates Machine. 05092_ HV Slug penetrates Wall. 05092_ Penetrated by HV Slug. 05100_ HV Slug penetrates Wall. 05100_ Penetrated by HV Slug. 05101_ Destroyed Prototype Protection. 05103_ Penetrated by HV Slug. 05103_ Critical hit (Destroy). 05103_ Arm. Wheel destroyed. 05103_ Penetrated by HV Slug. 05103_ Imp. Ion Engine destroyed. 05108_ Penetrated by HV Slug. 05108_ Critical hit (Destroy). 05108_ Arm. Wheel destroyed. 05112_ Penetrated by HV Slug. 05114_ Mining Claw follow-up attack on 8R-AWN. 05116_ Penetrated by HV Slug. 05119_ 8R-AWN Prototype Ballistic Gun severed. 05119_ Penetrated by HV Slug. Map ----- +----------------------------------------------------+ | ?????????????????????????????????????????????????? | | ?????????????????????????????????????????????????? | | ?????????????????????????????????????????????????? | | ?????????#####???????????????????????????????????? | | ????????## ##??????????????????????????????????? | | ????????# #??????????????????????????????????? | | ????????# < #??????????????????????????????????? | | ????????# ###????????????????????????????????? | | ????????# !! #????????????????????????????????? | | ????????# ! ##????????????????????????????????? | | ????????## #?????????????????????????????????? | | ?????????# ##????????????????????????????????? | | ?????????## #????????????#######?????????????? | | ??????????# #######??????#! ! "#?????????????? | | ??????????# #""##?????# "#?????????????? | | ??????????## #?????# "#?????????????? | | ???????????##" ##???#" ""#????????????## | | ???????????#"" ##### ""#???????????? | | ???????????#### ## ""#????????????" | | ??????????????## #" ###????????????" | | ???????????????#"## #?????????????"" | | ???????????????####### [%##????????????"" | | ?????????????????????### %![#???????????? | | ???????????????########" [*%###???????????" | | ???????????????# !!"""" g %% ##??????????# | | ???????????????#! @"### "#####???### | | ???????????????#! #?##" "#####X# | | ???????????????#! #;#?#" % % | | ???????????????# !""""""#### ##"# % | | ???????????????##########???# #### | | ?????????????????????????????# #?### % | | ??????????????????????????????# #??### | | ???????????????????????????????# #???## | | ????????????????????????????????# #???## | | ?????????????????????????????????# ????##" | | ??????????????????????????????????? ????#""" | | ???????????????????????????????????? ??##" | | ???????????????????????????????????????#"" | | ??????????????????????????????????????##""" | | ??????????????????????????????????????#""" | | ??????????????????????????????????????#""" | | ??????????????????????????????????????#"" | | ??????????????????????????????????????#""" | | ??????????????????????????????????????#"" | | ??????????????????????????????????????##"" | | ???????????????????????????????????????#"""" | | ???????????????????????????????????????## | | ????????????????????????????????????????#" | | ????????????????????????????????????????#"""" | | ????????????????????????????????????????#"" | +----------------------------------------------------+ Best States ------------- Heat Dissipation 28 Energy Generation 14 Energy Capacity 280 Matter Stores 448 Matter Capacity 500 Sight Range 16 Terrain Scan Density 10 Armor Coverage 300 Core Shielding 20 Evasion (%) 50 Targeting Accuracy 6 Recoil Reduction 2 Defensive Hacking 10 Trap Extractor Capacity 4 Item Schematics ----------------- System Shield | -9/Materials | Scanalyzed Hcp. Storage Unit | -9/Materials | Hacked Robot Schematics ------------------ None Fabricated ------------ Nothing Alien Tech Used ----------------- None Achievements -------------- None Challenges ------------ None Game ------ Seed LightningRelayChip Manual? 0 Play Time 00:33:04 Cumulative 483.1 hours Start 2022.05.04 @ 08:47:50 End 2022.05.04 @ 09:16:29 Sessions 1 Manual Loads 0 Difficulty Rogue Special Mode None Game No. 401 Rogue 401 Adventurer 0 Explorer 0 Win Type - Total 3 Types 2/0/0/1/0/0/0/0/0 Lore% 68 Gallery% 78 Achievement% 66 Wizard Run 0 Options --------- ASCII 0 Keyboard 1 Movement Numpad Keybinds 0 Fullscreen 1 Font 12/Terminus Map View 83x54 Tactical HUD 1 Map Filters NONE Filters NONE Steam 1 RUN: ea960370-ceea-4a8c-8aed-442c3c550e27